 Dungeon Crawl Stone Soup version 0.28-a0-973-ga7f8b01127 (webtiles) character file.

Game seed: 5359793372066442326

219 rikuthemoon the Ruffian (level 5, 0/50 HPs)
             Began as a Troll Monk on Dec 2, 2021.
             Slain by a bullfrog (5 damage)
             ... in a sewer.
             The game lasted 00:22:25 (1860 turns).

rikuthemoon the Ruffian (Troll Monk)                Turns: 1860, Time: 00:22:26

Health: 0/50       AC:  6    Str: 21    XL:     5   Next: 63%
Magic:  4/4        EV: 10    Int:  6    God:
Gold:   93         SH:  0    Dex: 12    Spells: 4/4 levels left

rFire   + . .      SeeInvis .     - Unarmed
rCold   + . .      Faith    .   (no shield)
rNeg    . . .      Spirit   .   l - +2 robe {rC+ rF+}
rPois   .          Reflect  .   (helmet restricted)
rElec   .          Harm     .   (no cloak)
rCorr   +          Rampage  .   (gloves unavailable)
Will    .....                   (boots unavailable)
Stlth   ++........              (no amulet)
HPRegen 0.96/turn               e - ring of resist corrosion
MPRegen 0.09/turn               (no ring)

@: very slow
A: large, unfitting armour, claws 3, regeneration 1, shaggy fur 1, tough skin 1
a: no special abilities


You were in a sewer.
You visited 1 branch of the dungeon, and saw 3 of its levels.
You also visited: Sewer.

You collected 93 gold pieces.

Inventory:

Hand Weapons
 m - a +0 dagger
Missiles
 h - 59 stones (quivered)
Armour
 l - a +2 robe of resistance (worn)
Jewellery
 e - a ring of resist corrosion (left claw)
Wands
 a - a wand of mindburst (5)
Scrolls
 b - a scroll of fog {unknown}
 i - 2 scrolls of blinking {unknown}
 o - 2 scrolls of enchant weapon {unknown}
 p - 2 scrolls of summoning {unknown}
Potions
 c - a potion of lignification {unknown}
 d - 2 potions of might
 f - a potion of ambrosia {unknown}
 j - 2 potions of magic
 k - 3 potions of attraction
 n - 2 potions of haste {unknown}


   Skills:
 + Level 2.7 Fighting
 + Level 0.1 Throwing
 + Level 3.4 Dodging
 - Level 1.0 Stealth
 * Level 5.4 Unarmed Combat


You had 4 spell levels left.
You didn't know any spells.
Your spell library contained the following spells:

 Spells                   Type           Power      Damage    Failure   Level
 Blink                    Tloc           0%         N/A       58%         2
 Lesser Beckoning         Tloc           0%         N/A       83%         3
 Manifold Assault         Tloc           0%         N/A       100%        5


Dungeon Overview and Level Annotations

Branches:
Dungeon (3/15)              Sewer (1/1)

Altars:


Innate Abilities, Weirdness & Mutations

You are too large for most types of armour.
You have claws for hands.
Your natural rate of healing is unusually fast.
You are covered in fur. (AC +1)
You have tough skin. (AC +1)


Message History

The bullfrog hits you but does no damage.
The ball python barely misses you.
The ball python bites you but does no damage.
The bullfrog hits you.
* * * LOW HITPOINT WARNING * * *
As you read the scroll of identify, it crumbles to dust.
k - 3 potions of attraction The bullfrog barely misses you.
The ball python bites you but does no damage.
The ball python closely misses you. The frilled lizard barely misses you.
As you read the scroll of identify, it crumbles to dust.
j - 2 potions of magic The bullfrog barely misses you.
The ball python bites you but does no damage. x2
The frilled lizard bites you but does no damage.
The bullfrog barely misses you.
You barely miss the ball python. The ball python closely misses you.
The ball python barely misses you. The bullfrog barely misses you.
The frilled lizard bites you.
* * * LOW HITPOINT WARNING * * *
You claw the ball python!
You kill the ball python!
The ball python bites you but does no damage.
The bullfrog barely misses you. The ball python bites you.
* * * LOW HITPOINT WARNING * * *
The frilled lizard closely misses you.
You claw the ball python!
You kill the ball python!
The bullfrog hits you.
* * * LOW HITPOINT WARNING * * *
The ball python closely misses you. The bullfrog hits you.
* * * LOW HITPOINT WARNING * * *
The bullfrog hits you.
* * * LOW HITPOINT WARNING * * *
The ball python barely misses you.
You claw the bullfrog!
The bullfrog is heavily wounded.
The frilled lizard closely misses you. The bullfrog misses you.
The bullfrog hits you.
You die...

...#
+......#
...##
#......#
....#
#......
.≈≈.#
#..≈≈≈##
≈≈≈≈#
#≈≈#≈≈≈#
≈≈≈≈#
#≈≈≈≈≈≈#
≈≈≈≈#
#≈≈≈≈≈l#
≈≈≈≈#
#≈≈≈JSF#
≈≈≈≈#
#≈≈≈≈#@#
≈≈≈≈#
#≈≈≈#Fl#
≈≈≈≈#
#≈≈≈≈.≈#
..≈##
#≈≈≈≈.≈#
.[≈≈#
#≈≈≈#≈≈#
...≈#
#≈≈≈≈#≈#
≈≈≈≈#
#≈≈≈≈≈≈#
≈†≈≈#
#≈≈≈≈≈≈#
†≈≈≈#
#≈≈≈≈≈≈#


You could see 2 bullfrogs, an endoplasm, a ball python and 2 frilled lizards.

Vanquished Creatures
  Jessica (D:2)
  An orc wizard (D:3)
  5 adders
  3 river rats (Sewer)
  A worm (D:2)
  A dart slug (D:2)
  2 orcs (D:3)
  9 endoplasms
  6 giant cockroaches
  6 goblins
  3 hobgoblins (D:1)
  3 jackals (D:1)
  A quokka (D:2)
  12 ball pythons
  5 bats
  5 frilled lizards
  6 kobolds
  29 rats
99 creatures vanquished.

Notes
Turn   | Place    | Note
-------+----------+-------------------------------------------
     0 | D:1      | rikuthemoon the Troll Monk began the quest for the Orb.
     0 | D:1      | Reached XP level 1. HP: 22/22 MP: 0/0
   217 | D:1      | You fall into a shaft and drop 1 floor!
   396 | D:1      | Reached XP level 2. HP: 29/29 MP: 1/1
   907 | D:1      | Found a faded altar of an unknown god.
   930 | D:1      | Reached XP level 3. HP: 36/36 MP: 2/2
  1214 | D:2      | Reached skill level 4 in Unarmed Combat
  1403 | D:2      | Noticed Jessica
  1406 | D:2      | Killed Jessica
  1407 | D:2      | Reached XP level 4. HP: 44/44 MP: 3/3
  1587 | D:3      | Found a glowing drain.
  1620 | Sewer    | Entered a sewer
  1645 | Sewer    | Reached XP level 5. HP: 49/50 MP: 4/4
  1715 | Sewer    | Reached skill level 5 in Unarmed Combat
  1860 | Sewer    | Slain by a bullfrog

Illustrated notes

Levels and vault maps discovered:
D:1:      amcnicky_arrival_single_pillar, layout_basic,
          shapermc_ecumenical_altar_starsandcircs, serial_glass,
          glass_columns_a, glass_columns_a, minmay_pentomino_z4
D:2:      layout_loops_cross, uniq_jessica
D:3:      layout_loops_ring, serial_shops,
          nicolae_shop_competitors_out_of_business, gup_sewer_entry_glass
Sewer:    sewer_minmay_w

Skill      XL: |  1  2  3  4  5 |
---------------+----------------+-----
Unarmed Combat | 4 5 |  5.4
Dodging        | 3 |  3.4
Fighting       | |  2.7
Throwing       | |  0.1
Stealth        | |  1.0

Action                   |  1- 3 |  4- 6 || total
-------------------------+-------+-------++-------
Melee: Unarmed           |    95 |   127 ||   222
       Punch             |     2 |     1 ||     3
Throw: Stone             |     5 |       ||     5
  Use: Scroll            |       |     3 ||     3
 Stab: Sleeping          |     3 |       ||     3
Armor: Robe              |    35 |    71 ||   106
Dodge: Dodged            |    59 |    81 ||   140

Table legend: (Time is in decaauts)
 A = Elapsed time spent in this place.
 B = Non-inter-level travel time spent in this place.
 C = Inter-level travel time spent in this place.
 D = Time resting spent in this place.
 E = Time spent auto-exploring this place.
 F = Levels seen in this place.
 G = Mean time per level.
                   A        B        C        D        E       F      G
               +--------+--------+--------+--------+--------+-----+--------+
         Total |   1879 |   1810 |     69 |      0 |   1167 |   4 |  469.8 |
       Dungeon |   1615 |   1546 |     69 |      0 |   1043 |   3 |  538.3 |
         Sewer |    264 |    264 |      0 |      0 |    124 |   1 |  264.0 |
               +--------+--------+--------+--------+--------+-----+--------+

Top non-repeatable levels by time:
     D:1: 851 daAuts
     D:2: 609 daAuts
   Sewer: 264 daAuts
     D:3: 154 daAuts
